Map: 블랙핑크 - 래더

Players

Zest

  • Race: Protoss Protoss
  • Spawn Location: 1:00

Classic - Winner!

  • Race: Protoss Protoss
  • League: Master
  • Spawn Location: 7:00

VOD

Have the link to the VOD?

Description

Time

  • Played on: Dec. 23, 2017, 3:53 a.m.
  • Length: 11:07
Show
View Real Time Build Order
Export as new Build Order

Zest Protoss 

Build Orders: Oracle Opening 

Get SALT Encoding   

  12  0:00  Probe  
  13  0:13  Probe  
  14  0:17  Pylon  
  14  0:25  Probe (Chrono Boost)  
  15  0:36  Gateway  
  15  0:37  Probe (Chrono Boost)  
  16  0:44  Probe (Chrono Boost)  
  16  0:45  Assimilator  
  17  0:52  Probe (Chrono Boost)  
  17  0:54  Assimilator  
  19  1:04  Probe (Chrono Boost)  
  19  1:07  Gateway  
  19  1:11  Probe (Chrono Boost)  
  20  1:18  Probe  
  20  1:23  Cybernetics Core  
  21  1:30  Probe  
  22  1:36  Pylon  
  22  1:43  Probe  
  23  1:55  Probe  
  23  2:00  Warp Gate, Adept x2  
  28  2:10  Stargate  
  28  2:20  Pylon  
  28  2:34  Stalker  
  30  2:49  Nexus  
  30  2:54  Oracle (Chrono Boost)  
  33  3:04  Probe  
  34  3:17  Probe  
  35  3:21  Oracle (Chrono Boost)  
  38  3:29  Probe  
  38  3:32  Pylon  
  39  3:34  Twilight Council  
  39  3:50  Probe  
  40  4:02  Probe x2  
  42  4:05  Blink (Chrono Boost)  
  42  4:13  Stalker  
  42  4:14  Probe x2  
  46  4:26  Probe  
  44  4:33  Gateway  
  44  4:34  Probe, Gateway  
  45  4:40  Stalker x2  
  50  4:51  Shield Battery  
  49  4:55  Shield Battery  
  49  4:56  Pylon  
  49  5:05  Stalker x2  
  47  5:19  Probe  
  43  5:31  Stalker x3  
  43  5:34  Probe x2  
  51  5:40  Stalker  
  53  5:48  Probe x2  
  55  6:00  Probe x2  
  57  6:12  Probe x2  
  59  6:24  Probe x2  
  57  6:27  Robotics Facility  
  57  6:32  Assimilator  
  57  6:33  Assimilator, Charge  
  57  6:34  Forge  
  57  6:36  Probe  
  57  6:37  Probe  
  59  6:41  Oracle (Chrono Boost)  
  62  6:50  Gateway x2  
  62  6:55  Pylon  
  62  7:00  Pylon  
  64  7:03  Zealot  
  64  7:04  Sentry x2, Pylon  
  64  7:20  Stalker  
  62  7:26  Protoss Ground Weapons Level 1 (Chrono Boost)  
  62  7:35  Probe x2  
  64  7:42  Pylon  
  64  7:49  Probe  
  64  7:50  Probe  
  66  7:58  Gateway x2  
  66  8:03  Templar Archives, Immortal (Chrono Boost)  
  70  8:14  Pylon  
  70  8:28  Nexus  
  70  8:35  Observer, Pylon  
  71  8:42  Zealot x4, High Templar x2  
  83  8:56  Pylon  
  83  9:00  Protoss Ground Weapons Level 2 (Chrono Boost)  
  83  9:03  Archon  
  83  9:04  Immortal (Chrono Boost)  
  87  9:31  Pylon  
  87  9:35  High Templar x2  
  91  9:41  Archon  
  91  9:42  Sentry  
  93  9:49  Immortal (Chrono Boost)  
  93  9:51  Probe x3  
  100  9:53  Pylon  
  100  10:07  Probe x3  
  100  10:10  Assimilator  
  100  10:12  Assimilator  
  103  10:19  Probe x2  
  103  10:20  Probe, Zealot x2, High Templar x2  
  103  10:21  Zealot x4  
  122  10:33  Archon  
  118  10:47  Zealot x6  
  90  10:57  Zealot x2  
Show
View Real Time Build Order
Export as new Build Order

Classic Protoss - Winner!

Build Orders: Zealot Archon 

Get SALT Encoding   

  12  0:00  Probe  
  13  0:12  Probe  
  14  0:17  Pylon  
  14  0:24  Probe (Chrono Boost)  
  15  0:37  Probe (Chrono Boost), Gateway  
  16  0:45  Probe (Chrono Boost)  
  16  0:46  Assimilator  
  17  0:51  Probe (Chrono Boost)  
  17  0:54  Assimilator  
  18  1:03  Probe (Chrono Boost)  
  20  1:12  Probe (Chrono Boost)  
  20  1:14  Gateway  
  20  1:17  Probe  
  20  1:24  Cybernetics Core  
  21  1:29  Probe  
  22  1:41  Probe, Pylon  
  23  1:59  Probe  
  23  2:01  Sentry, Stalker  
  26  2:02  Warp Gate  
  28  2:14  Pylon  
  28  2:30  Nexus  
  28  2:37  Stalker  
  30  2:45  Stalker  
  30  2:48  Probe  
  33  3:01  Shield Battery  
  33  3:05  Probe  
  34  3:07  Stalker  
  36  3:14  Stalker  
  38  3:24  Probe  
  38  3:26  Pylon  
  39  3:35  Robotics Facility  
  39  3:48  Shield Battery  
  39  3:50  Shield Battery  
  39  3:55  Probe (Chrono Boost)  
  40  3:56  Probe (Chrono Boost)  
  41  4:04  Stalker x2  
  41  4:08  Probe (Chrono Boost)  
  41  4:09  Probe (Chrono Boost)  
  47  4:13  Probe (Chrono Boost)  
  47  4:14  Probe (Chrono Boost)  
  44  4:29  Probe  
  44  4:30  Probe  
  44  4:31  Twilight Council  
  42  4:34  Stalker  
  44  4:42  Stalker  
  47  4:45  Probe (Chrono Boost)  
  47  4:47  Probe (Chrono Boost)  
  48  4:57  Probe (Chrono Boost)  
  48  4:58  Probe (Chrono Boost)  
  50  5:00  Pylon  
  50  5:03  Probe x2 (Chrono Boost)  
  50  5:14  Probe  
  50  5:19  Probe  
  50  5:22  Dark Shrine  
  50  5:26  Probe  
  51  5:29  Pylon  
  51  5:31  Probe  
  51  5:33  Immortal (Chrono Boost)  
  52  5:40  Probe  
  57  5:43  Probe  
  57  5:44  Pylon  
  58  5:51  Sentry, Stalker  
  58  5:55  Forge  
  62  6:02  Assimilator  
  60  6:04  Assimilator  
  60  6:05  Observer  
  60  6:09  Shield Battery  
  61  6:15  Adept  
  61  6:17  Stalker  
  61  6:27  Probe x2  
  61  6:28  Protoss Ground Weapons Level 1 (Chrono Boost)  
  63  6:35  Dark Templar  
  63  6:38  Dark Templar  
  63  6:39  Probe x2  
  69  6:46  Gateway x2  
  69  6:51  Probe  
  69  6:52  Pylon  
  70  6:56  Probe  
  71  7:01  Immortal (Chrono Boost)  
  75  7:26  Dark Templar  
  75  7:28  Zealot  
  77  7:32  Charge  
  77  7:35  Archon  
  77  7:36  Immortal  
  81  7:38  Probe x2  
  81  7:41  Pylon  
  83  7:47  Nexus  
  83  7:50  Pylon  
  83  8:04  Gateway  
  83  8:06  Gateway, Protoss Ground Weapons Level 2 (Chrono Boost)  
  83  8:07  Templar Archives  
  83  8:15  Observer  
  83  8:18  Gateway  
  81  8:30  Gateway  
  81  8:31  Probe  
  83  8:34  Probe  
  83  8:36  Pylon  
  83  8:45  High Templar x2  
  87  8:54  Probe x2  
  89  8:58  High Templar  
  89  9:03  Pylon  
  89  9:06  Probe  
  89  9:08  Probe x2  
  92  9:18  Probe, High Templar  
  92  9:20  Probe x2  
  92  9:21  Warp Prism  
  99  9:26  Pylon  
  99  9:28  High Templar x2  
  99  9:31  Probe  
  104  9:33  Archon  
  104  9:36  Zealot x4  
  112  9:43  Photon Cannon, High Templar  
  114  9:46  Archon  
  114  9:55  Photon Cannon  
  114  9:56  Archon  
  114  9:57  High Templar, Pylon  
  113  10:08  Probe x3  
  116  10:15  Archon  
  116  10:21  Zealot x7  
  126  10:27  Pylon  
  130  10:41  High Templar x2  
  130  10:42  Zealot x5  
  144  10:48  Archon  
  138  10:51  Zealot  
Tags
 
Composition
Zealot Archon
League
Master
Matchup
PvP
Spawn Locations
Cross Positions
Add a new tag
Caveats
  • Supply blocks, unpowered buildings, or Contaminate may cause inaccurate times.
  • Supply counts are checked every 10 seconds.